 Dungeon Crawl Stone Soup version 0.25-b1-23-ge2ad7d536c (webtiles) character file.

Game seed: 12312255229854780843, levelgen mode: deterministic

1628 lepoulpe303 the Chopper (level 8, -1/74 HPs)
             Began as a Deep Dwarf Monk on May 28, 2020.
             Was a Believer of Makhleb.
             Splashed by a jelly's acid (4 damage)
             ... on level 8 of the Dungeon.
             The game lasted 00:18:54 (5876 turns).

lepoulpe303 the Chopper (Deep Dwarf Monk)           Turns: 5876, Time: 00:18:54

Health: -1/74      AC:  5    Str: 17    XL:     8   Next: 65%
Magic:  6/6        EV:  6    Int: 11    God:    Makhleb [**....]
Gold:   298        SH: 14    Dex: 21    Spells: 7/7 levels left

rFire    . . .     SeeInvis .   a - +0 war axe
rCold    + . .     Gourm    .   m - +0 tower shield
rNeg     . . .     Faith    .   B - +0 chain mail
rPois    .         Spirit   .   (no helmet)
rElec    .         Reflect  .   (no cloak)
rCorr    .         Harm     .   y - +0 pair of gloves
MR       +....                  p - +1 pair of boots
Stlth    ..........             (no amulet)
HPRegen  0.00/turn              v - +6 ring of dexterity
MPRegen  0.10/turn              I - ring of protection from cold

@: corroded, non-regenerating
A: damage resistance, heal wounds, sense surroundings 1, no regeneration
a: Heal Wounds, Minor Destruction, Renounce Religion


You were on level 8 of the Dungeon.
You worshipped Makhleb.
Makhleb was pleased with you.
You were not hungry.

You visited 2 branches of the dungeon, and saw 9 of its levels.

You collected 298 gold pieces.

Inventory:

Hand Weapons
 a - a +0 war axe (weapon)
 b - a +0 hunting sling
Missiles
 i - 2 throwing nets {=f}
 n - 26 poisoned darts (quivered)
 r - 5 datura-tipped darts
 x - 44 sling bullets
 z - 7 boomerangs
Armour
 h - a +0 robe
 m - a +0 tower shield (worn)
 o - a +0 plate armour
 p - a +1 pair of boots (worn)
 y - a +0 pair of gloves (worn)
 B - a +0 chain mail (worn)
Jewellery
 v - a +6 ring of dexterity (left hand)
 G - an uncursed amulet of guardian spirit {Spirit}
 H - an uncursed ring of protection from cold
 I - a ring of protection from cold (right hand)
 J - an uncursed amulet of faith {Faith, !P}
Scrolls
 c - 2 scrolls of magic mapping {unknown}
 f - 2 scrolls of fog
 j - a scroll of enchant weapon {unknown}
 k - a scroll of immolation {unknown}
 t - 2 scrolls of teleportation
 w - 2 scrolls of remove curse
 A - a scroll of amnesia {unknown}
 C - 2 scrolls of blinking {unknown}
 K - a scroll of random uselessness {unknown}
Potions
 d - a potion of stabbing
 g - a potion of haste {unknown}
 l - a potion of heal wounds
 q - 6 potions of curing
 s - 2 potions of brilliance
 u - a potion of degeneration {!q}
 D - a potion of mutation {!q}
 E - 2 potions of lignification {!q}
Comestibles
 e - 9 rations


   Skills:
 + Level 5.1 Fighting
 * Level 7.7 Axes
 + Level 4.6 Armour
 + Level 5.8 Dodging
 - Level 2.4 Stealth
 + Level 4.1 Shields
 * Level 1.2 Invocations


You had 7 spell levels left.
You didn't know any spells.
Your spell library contained the following spells:

 Spells                   Type           Power        Failure   Level  Hunger
 Corona                   Hex            #......      100%        1    ##.....
 Ensorcelled Hibernation  Hex/Ice        #.....       100%        2    ###....
 Confusing Touch          Hex            #.......     100%        3    ####...
 Dazzling Flash           Conj/Hex       #.....       100%        3    ####...
 Tukima's Dance           Hex            #.......     100%        3    ####...


Dungeon Overview and Level Annotations

Branches:
Dungeon (7/15)             Temple (1/1) D:7

Altars:
Cheibriados
Elyvilon
Hepliaklqana
Makhleb
Qazlal
Ru
Trog
Vehumet
Wu Jian
Yredelemnul
The Shining One


Innate Abilities, Weirdness & Mutations

You are resistant to damage.
You can heal yourself by infusing magical energy.
You passively map a small area around you.
You do not regenerate.


Message History

The gnoll hits you but does no damage.
Your shield and chain mail prevent you from hitting the gnoll.
The jelly jiggles.
You block the gnoll's attack. x2
You slash the gnoll!
You kill the gnoll!
You feel better.
You regained 3 hp, and now have 12/74 hp.
You hit the jelly but do no damage. The acid corrodes you!
Your hands burn!
* * * LOW HITPOINT WARNING * * *
The jelly hits you. The acid corrodes you!
You are splashed with acid!
* * * LOW HITPOINT WARNING * * *
You take 8 damage, and have 4/74 hp.
You hit the jelly.
Your hands burn!
You block the jelly's attack.
You hit the jelly.
Your hands burn!
* * * LOW HITPOINT WARNING * * *
The jelly barely misses you. The jelly hits you but does no damage.
You take 1 damage, and have 3/74 hp.
You slash the jelly!
Your hands burn!
You die...

### #.# ,* ######
##.# *##..J@##
#..### #..###.##
##..... *
#..####.# #..####
##..# #.## ##..#
#..#*#..######...#
#... ##...##.....#
#..g. #.........##
*
##.(g####.......#
#..J. #####..##* #


You could see a jelly.

Levels and vault maps discovered:
D:1:      dpeg_arrival_round_b, layout_loops_corners
D:2:      wad_river_or_something, layout_basic, overflow_temple_1_default
D:3:      layout_basic
D:4:      cheibrodos_helix_gallery, layout_loops_ring, first_ration
D:5:      layout_loops_corners, portal_sewer_entry_c
D:6:      layout_basic, basic_altar, chequers_serial_rivers_micro_d, uniq_edmund
D:7:      lemuel_insect_pit, layout_loops_ring, minmay_temple_entry_waves,
          grunt_livestock
D:8:      layout_layer_cave, hangedman_abyss_or_decor_clamps,
          trog_ov_bears_minmay, uniq_joseph
Temple:   nicolae_temple_the_god_donut

Notes
Turn   | Place    | Note
-------+----------+-------------------------------------------
     0 | D:1      | lepoulpe303 the Deep Dwarf Monk began the quest for the
                  | Orb.
     0 | D:1      | Reached XP level 1. HP: 20/20 MP: 1/1
     8 | D:1      | Identified a +0 club
    44 | D:1      | Identified a +0 club
   105 | D:1      | Identified a +0 short sword
   109 | D:1      | Reached XP level 2. HP: 13/27 MP: 2/2
   199 | D:1      | Reached skill level 3 in Fighting
   219 | D:1      | Identified a +0 short sword
   239 | D:1      | Identified a +0 club
   278 | D:1      | Identified a +0 flail
   284 | D:1      | HP: 3/28 [gnoll/+0 flail (10)]
   289 | D:1      | Reached skill level 1 in Armour
   343 | D:1      | Identified a +0 dagger
   347 | D:1      | Reached XP level 3. HP: 19/34 MP: 2/2
   621 | D:1      | Identified a +0 club
   654 | D:1      | Identified a +0 club
   657 | D:1      | HP: 8/34 [hobgoblin/+0 club (3)]
  1017 | D:2      | Reached skill level 4 in Axes
  1023 | D:2      | Identified a +0 club
  1035 | D:2      | HP: 3/34 [worm (10)]
  1064 | D:2      | Identified a +2 dagger of venom
  1257 | D:2      | Identified 4 scrolls of identify
  1257 | D:2      | Identified a potion of heal wounds
  1266 | D:2      | HP: 5/34 [worm (6)]
  1281 | D:2      | Reached XP level 4. HP: 41/42 MP: 3/3
  1563 | D:2      | Identified a +0 chain mail (You found it on level 2 of the
                  | Dungeon)
  1592 | D:2      | Identified a +0 club
  1674 | D:2      | Identified a +0 tower shield (You found it on level 2 of
                  | the Dungeon)
  1699 | D:2      | Identified a +0 club
  1702 | D:2      | Identified a +0 dagger
  1702 | D:2      | Identified a +0 hunting sling
  1702 | D:2      | Identified a +0 ring mail
  1815 | D:2      | Identified a +0 club
  1835 | D:2      | Found a bloodstained altar of Trog.
  1848 | D:2      | Identified a +0 dagger
  1848 | D:2      | Identified a +0 plate armour
  1865 | D:2      | Reached XP level 5. HP: 41/49 MP: 4/4
  1884 | D:2      | Identified a +0 club
  2041 | D:2      | Reached skill level 4 in Dodging
  2137 | D:2      | Identified a +0 war axe (You found it on level 2 of the
                  | Dungeon)
  2163 | D:3      | Identified a +0 club
  2199 | D:3      | Identified a +0 club
  2265 | D:3      | Identified a +0 club
  2372 | D:3      | Identified 2 potions of curing
  2373 | D:3      | Identified 2 potions of brilliance
  2374 | D:3      | Identified a potion of lignification
  2439 | D:3      | Identified a +0 leather armour
  2701 | D:2      | Identified a +0 hunting sling (You found it on level 3 of
                  | the Dungeon)
  2854 | D:3      | Reached skill level 2 in Armour
  2894 | D:3      | Identified a +0 pair of gloves (You found it on level 3 of
                  | the Dungeon)
  2931 | D:4      | Identified a +0 hand axe
  2957 | D:4      | Identified a +0 whip
  2964 | D:4      | Identified a +0 flail
  2964 | D:4      | Identified a +0 flail
  2964 | D:4      | Identified a +0 flail
  2991 | D:4      | Reached skill level 1 in Shields
  3005 | D:4      | HP: 5/50 [iguana (8)]
  3052 | D:4      | Reached skill level 5 in Axes
  3268 | D:4      | Reached XP level 6. HP: 36/57 MP: 5/5
  3678 | D:4      | Reached skill level 4 in Fighting
  3810 | D:5      | Entered Level 5 of the Dungeon
  3851 | D:5      | Identified a +0 giant club
  3854 | D:5      | Identified a +0 hand axe
  3854 | D:5      | Identified a cursed +0 leather armour
  3859 | D:5      | Reached skill level 2 in Shields
  4116 | D:5      | Reached skill level 3 in Armour
  4116 | D:5      | Reached XP level 7. HP: 36/64 MP: 6/6
  4269 | D:5      | Reached skill level 6 in Axes
  4280 | D:5      | Found a glowing drain.
  4288 | D:5      | HP: 13/64 [river rat (4)]
  4319 | D:5      | Identified a +3 shortbow
  4321 | D:5      | HP: 15/64 [acid (2)]
  4332 | D:5      | Reached skill level 5 in Dodging
  4339 | D:5      | Reached skill level 3 in Shields
  4517 | D:5      | Identified a +0 dagger
  4517 | D:5      | Identified a +0 robe
  4517 | D:5      | Identified a +0 hand axe
  4518 | D:5      | Identified a +0 dagger
  4519 | D:5      | Identified a +0 dagger
  4519 | D:5      | Identified a cursed +0 leather armour
  4520 | D:5      | Identified a +0 hand axe
  4603 | D:5      | Identified a +0 shortbow
  4613 | D:5      | HP: 15/66 [centaur (4)]
  4618 | D:5      | HP: 12/66 [centaur (3)]
  4782 | D:5      | Identified a potion of degeneration
  4783 | D:5      | Identified a potion of mutation
  4784 | D:5      | Identified a potion of stabbing
  4785 | D:5      | Identified 3 scrolls of teleportation
  4786 | D:5      | Identified 3 scrolls of fog
  4787 | D:5      | Identified 4 scrolls of remove curse
  4788 | D:5      | Identified a ring of dexterity (You found it on level 3 of
                  | the Dungeon)
  4789 | D:5      | Identified a ring of protection from cold (You found it on
                  | level 4 of the Dungeon)
  4791 | D:5      | Identified a ring of attention (You found it on level 3 of
                  | the Dungeon)
  4961 | D:5      | Identified a +1 pair of boots (You found it on level 5 of
                  | the Dungeon)
  5035 | D:6      | Reached XP level 8. HP: 43/73 MP: 6/6
  5049 | D:6      | Identified a +2 dire flail of protection
  5049 | D:6      | Identified a +0 scale mail
  5049 | D:6      | Noticed Edmund
  5063 | D:6      | Killed Edmund
  5063 | D:6      | Reached skill level 7 in Axes
  5063 | D:6      | Reached skill level 4 in Armour
  5126 | D:6      | Identified a +0 shortbow
  5222 | D:6      | Identified an amulet of faith (You found it on level 6 of
                  | the Dungeon)
  5233 | D:6      | Identified a +0 leather armour
  5399 | D:6      | Identified a +0 long sword
  5404 | D:6      | Found a bloodstained altar of Trog.
  5416 | D:6      | Identified a +0 dagger
  5416 | D:6      | Identified a +0 robe
  5418 | D:6      | Identified a +0 dagger
  5418 | D:6      | Identified a cursed +0 robe
  5423 | D:6      | Identified a +0 mace
  5424 | D:6      | Identified a +0 flail
  5444 | D:6      | Reached skill level 5 in Fighting
  5455 | D:6      | Identified an amulet of guardian spirit (You found it on
                  | level 6 of the Dungeon)
  5564 | D:6      | Identified a +0 shortbow
  5575 | D:6      | Reached skill level 4 in Shields
  5668 | D:7      | Found a staircase to the Ecumenical Temple.
  5669 | D:7      | Identified a +0 whip
  5684 | Temple   | Entered the Ecumenical Temple
  5702 | Temple   | Became a worshipper of Makhleb the Destroyer
  5702 | Temple   | Reached * piety under Makhleb
  5702 | Temple   | Reached ** piety under Makhleb
  5741 | D:7      | You fall into a shaft and drop 1 floor!
  5795 | D:8      | Identified a +2 spear of freezing
  5795 | D:8      | Identified a +0 scale mail
  5795 | D:8      | Identified a +0 kite shield
  5826 | D:8      | Identified a +0 whip
  5827 | D:8      | Identified a +0 whip
  5858 | D:8      | HP: 13/74 [gnoll sergeant/+2 spear of freezing (7)]
  5860 | D:8      | Reached skill level 1 in Invocations
  5865 | D:8      | HP: 11/74 [gnoll/+0 whip (1)]
  5873 | D:8      | HP: 10/74 [acid (2)]
  5873 | D:8      | HP: 4/74 [acid (6)]
  5876 | D:8      | Splashed by a jelly's acid

Table legend:
 A = Turns spent in this place as a percentage of turns spent in the entire game.
 B = Non-inter-level travel turns spent in this place as a percentage of non-inter-level travel turns spent in the entire game.
 C = Inter-level travel turns spent in this place as a percentage of turns spent in this place.
 D = Turns resting spent in this place as a percentage of non-inter-level travel turns spent in this place.
 E = Turns spent auto-exploring this place as a percentage of non-inter-level travel turns spent in this place.
 F = Non-inter-level travel turns spent in this place divided by the number of levels of this place that you've seen.
                   A       B       C       D       E      F
               +-------+-------+-------+-------+-------+----------------------
         Total | 100.0 | 100.0 |   7.9 |   0.6 |  68.3 | 601.2
       Dungeon |  99.4 |  99.6 |   7.7 |   0.6 |  68.5 | 673.9
        Temple |   0.6 |   0.4 |  39.4 |   0.0 |  25.0 |  20.0
               +-------+-------+-------+-------+-------+----------------------

Table legend:
 A = Kills in this place as a percentage of kills in entire the game.
 B = Kills by you in this place as a percentage of kills by you in the entire game.
 C = Kills by friends in this place as a percentage of kills by friends in the entire game.
 D = Other kills in this place as a percentage of other kills in the entire game.
 E = Experience gained in this place as a percentage of experience gained in the entire game.
 F = Experience gained in this place divided by the number of levels of this place that you have seen.
                   A       B       C       D       E      F
               +-------+-------+-------+-------+-------+----------------------
         Total | 100.0 | 100.0 |   N/A |   N/A | 100.0 | 258.4
       Dungeon | 100.0 | 100.0 |   N/A |   N/A | 100.0 | 290.8
               +-------+-------+-------+-------+-------+----------------------

Skill      XL: |  1  2  3  4  5  6  7  8 |
---------------+-------------------------+-----
Fighting       | 3 4 5 |  5.1
Armour         | 1 2 3 4 |  4.6
Axes           | 4 5 6 7 |  7.7
Dodging        | 4 5 |  5.8
Shields        | 1 2 3 4 |  4.1
Invocations    | 1 |  1.2
Stealth        | |  2.4

Action                   |  1- 3 |  4- 6 |  7- 9 || total
-------------------------+-------+-------+-------++-------
Melee: Hand axe          |   146 |   167 |       ||   313
       War axe           |       |   146 |   219 ||   365
 Fire: Hunting sling     |       |    35 |    33 ||    68
Throw: Dart              |       |    32 |    16 ||    48
 Abil: Heal Wounds       |     3 |     4 |     3 ||    10
  Use: Scroll            |     1 |     3 |     9 ||    13
       Potion            |     1 |       |       ||     1
 Stab: Sleeping          |     4 |       |       ||     4
       Distracted        |     1 |       |       ||     1
  Eat: Chunk             |     1 |     9 |     4 ||    14
       Ration            |       |       |     1 ||     1
Armor: Robe              |    17 |     7 |       ||    24
       Chain mail        |       |   101 |   107 ||   208
Dodge: Dodged            |    89 |    80 |    37 ||   206
Block: Tower shield      |       |   147 |   175 ||   322

Vanquished Creatures
  Edmund (D:6)
  An ogre (D:5)
  4 centaurs
  A gnoll sergeant (D:8)
  A scorpion (D:4)
  2 crimson imps
  A bullfrog zombie (D:5)
  A hound (D:6)
  4 jellies
  3 orc wizards
  A bullfrog skeleton (D:6)
  3 iguanas
  8 worker ants
  A hound zombie (D:6)
  A howler monkey zombie (D:7)
  13 adders
  9 gnolls
  2 river rats (D:5)
  An ooze (D:1)
  An adder skeleton (D:4)
  4 worms
  A dart slug (D:2)
  5 leopard geckos
  12 orcs
  3 bats
  4 giant cockroaches
  10 goblins
  12 hobgoblins
  11 jackals
  3 quokkas
  2 ball pythons (D:6)
  6 frilled lizards
  6 kobolds
  A leopard gecko skeleton (D:4)
  10 rats
149 creatures vanquished.
